 Dungeon Crawl Stone Soup version 0.19.4-8-ga85b6b9 (webtiles) character file.

3208 Jerry the Cleaver (level 10, -6/79 HPs)
             Began as a Formicid Abyssal Knight on Feb 10, 2017.
             Was an Elder of Lugonu.
             Mangled by a wyvern (12 damage)
             ... on level 8 of the Dungeon.
             The game lasted 00:22:33 (9908 turns).

Jerry the Cleaver (Formicid Abyssal Knight)         Turns: 9908, Time: 00:22:34

Health: -6/79      AC: 16    Str: 19    XL:     10   Next: 17%
Magic:  15/15      EV:  8    Int: 11    God:    Lugonu [****..]
Gold:   369        SH:  0    Dex: 13    Spells: 0 memorised, 9 levels left

rFire  + . .     SeeInvis +     e - +1 war axe
rCold  . . .     Gourm    .     m - +0 chain mail
rNeg   . . .     Faith    .     (no shield)
rPois  .         Spirit   .     (helmet unavailable)
rElec  .         Reflect  .     A - +0 cloak
rCorr  .         Harm     .     r - +2 pair of gloves
MR     +....                    b - +0 pair of boots
Stlth  ..........               (no amulet)
                                t - +5 ring of dexterity
                                y - ring of teleportation (curse)

@: lethally poisoned (-6 -> -8)
A: permanent stasis, dig shafts and tunnels, four strong arms, antennae 3,
clumsy 1, fire resistance 1, weak 1, subdued magic 1
a: Dig, Shaft Self, Depart the Abyss, Bend Space, Banish, Corrupt, Renounce
Religion


You were on level 8 of the Dungeon.
You worshipped Lugonu.
Lugonu was greatly pleased with you.
You were hungry.

You visited 1 branch of the dungeon, and saw 8 of its levels.
You visited the Abyss 1 time.

You collected 369 gold pieces.

Inventory:

Hand Weapons
 a - a +1 hand axe
 e - a +1 war axe (weapon)
 C - a +0 broad axe
 H - a +0 battleaxe
Armour
 b - a +0 pair of boots (worn)
 m - a +0 chain mail (worn)
 r - a +2 pair of gloves (worn)
 A - a +0 cloak (worn)
Jewellery
 s - an uncursed ring of magical power
 t - a +5 ring of dexterity (right hand)
 y - a cursed ring of teleportation (left hand)
Wands
 o - a wand of lightning (6/15)
Scrolls
 d - a scroll of identify
 f - a scroll of enchant armour
 h - 2 scrolls of remove curse
 j - a scroll of amnesia
 w - a scroll of magic mapping
 D - a scroll of vulnerability {unknown}
 F - a scroll of immolation {unknown}
Potions
 g - a potion of brilliance
 k - 3 potions of might
 l - 4 potions of curing
 q - 2 potions of agility
 u - a potion of ambrosia {unknown}
 v - a potion of invisibility
 z - a potion of degeneration {unknown}
 B - a potion of beneficial mutation {unknown}
Books
 i - a book of Changes

   Spells                             Type                      Level
   a - Beastly Appendage              Transmutation                1
   b - Sticks to Snakes               Transmutation                2
   c - Spider Form                    Transmutation/Poison         3
   d - Ice Form                       Ice/Transmutation            4
   e - Blade Hands                    Transmutation                5
Comestibles
 c - 6 bread rations
 n - 2 royal jellies
 p - 3 meat rations
 x - 7 fruits
 E - a chunk of flesh


   Skills:
 + Level 7.4 Fighting
 * Level 8.9 Axes
 + Level 7.0 Armour
 - Level 0.8 Dodging
 + Level 7.7 Invocations


You had 9 spell levels left.
You didn't know any spells.

Dungeon Overview and Level Annotations

Branches:
Dungeon (8/15)             Temple (0/1) D:4
   Lair: D:8-11

Altars:
Cheibriados
Elyvilon
Fedhas
Hepliaklqana
Kikubaaqudgha
Makhleb
Okawaru
Qazlal
Trog
Yredelemnul
Zin
The Shining One

Annotations:
Abyss:1 Menkaure


Innate Abilities, Weirdness & Mutations

You are under a permanent stasis effect.
You can dig through walls and to a lower floor.
Your four strong arms can wield two-handed weapons with a shield.
You have a pair of large antennae on your head. (SInv)
You are clumsy. (Dex -2)
Your flesh is heat resistant. (rF+)
You are weak. (Str -2)
Your spells are a little easier to cast, but a little less powerful.


Message History

You barely miss the wyvern. The wyvern bites you! x2
* * * LOW HITPOINT WARNING * * *
You are too injured to fight recklessly!
You are too injured to fight recklessly!
You are too injured to fight recklessly!
You closely miss the wyvern.
The wyvern is heavily wounded.
The wyvern bites you!
* * * LOW HITPOINT WARNING * * *
The wyvern closely misses you.
You feel much better.
You feel sick.
The wyvern bites you but does no damage.
Your chain mail prevents you from hitting the wyvern.
The wyvern is heavily wounded.
The wyvern barely misses you. The wyvern bites you!
* * * LOW HITPOINT WARNING * * *
You closely miss the wyvern.
The wyvern is heavily wounded.
The wyvern bites you!
You die...

#)# #.# ### #####
#.# ... ...# #.#
... ...# #.#
###.## #..# #.#
##.....##..# #.#
#.....l.#..# #.#
#.....†@#..# #.#
...._......####.#
#.......#.......#
#.......#.#######
##.....##..
###.## #..# ...
...# .... ...# ##
#####


You could see a wyvern.

Vanquished Creatures
  The ghost of Naow the Thaumaturge, a novice DEFE of Vehumet (D:6)
  The ghost of Naow the Cleaver, a novice MiBe of Trog (D:5)
  A hippogriff (D:7)
  Eustachio (D:6)
  A water moccasin (D:8)
  2 sky beasts (D:7)
  An orc warrior (D:6)
  2 phantoms
  3 ogres
  A centaur (D:5)
  Blork the orc (D:4)
  2 bullfrogs
  A howler monkey (D:4)
  3 crimson imps
  A centaur zombie (D:8)
  4 hounds
  2 orc priests
  2 bullfrog skeletons
  Jessica (D:2)
  2 iguanas (D:4)
  4 orc wizards
  4 worker ants
  A hound zombie (D:6)
  Robin (D:4)
  4 gnolls (D:3)
  A howler monkey skeleton (D:4)
  14 adders
  2 adder skeletons (D:4)
  7 worms
  5 dart slugs
  5 leopard geckos
  28 orcs
  A ball python (D:3)
  6 bats
  3 giant cockroaches
  21 goblins
  14 hobgoblins
  12 jackals
  9 kobolds
  3 quokkas
  8 frilled lizards
  A jackal skeleton (D:5)
  17 rats
204 creatures vanquished.

Notes
Turn   | Place    | Note
-------+----------+-------------------------------------------
     0 | Abyss:1  | Jerry the Formicid Abyssal Knight began the quest for the Orb.
     0 | Abyss:1  | Reached XP level 1. HP: 18/18 MP: 2/2
    10 | Abyss:1  | Found a corrupted altar of Lugonu.
    46 | Abyss:2  | Noticed a wretched star
    46 | Abyss:2  | Noticed a ynoxinul
    47 | D:1      | Escaped the Abyss
   114 | D:1      | Reached * piety under Lugonu
   114 | D:1      | Reached XP level 2. HP: 24/24 MP: 3/3
   344 | D:1      | Reached XP level 3. HP: 25/29 MP: 3/5
   741 | D:1      | Gained mutation: Your flesh is heat resistant. (rF+) [potion of mutation]
   741 | D:1      | Gained mutation: Your spells are a little easier to cast, but a little less powerful. [potion of mutation]
   741 | D:1      | Gained mutation: You are weak. (Str -2) [potion of mutation]
   869 | D:2      | Reached skill level 3 in Axes
  1154 | D:2      | Reached XP level 4. HP: 36/36 MP: 6/6
  1312 | D:2      | Reached ** piety under Lugonu
  1971 | D:2      | Noticed Jessica
  1978 | D:2      | Killed Jessica
  1978 | D:2      | Reached XP level 5. HP: 42/42 MP: 7/7
  2006 | D:2      | Found a snail-covered altar of Cheibriados.
  2573 | D:3      | Reached skill level 4 in Axes
  2779 | D:3      | Reached XP level 6. HP: 47/48 MP: 8/8
  3486 | D:4      | Noticed Menkaure
  3494 | D:4      | Reached *** piety under Lugonu
  3506 | D:4      | Banished Menkaure
  3797 | D:4      | Reached XP level 7. HP: 48/55 MP: 10/10
  4008 | D:4      | Reached skill level 5 in Axes
  4319 | D:4      | Noticed Robin
  4349 | D:4      | Killed Robin
  4349 | D:4      | Reached skill level 5 in Fighting
  4724 | D:4      | Found a staircase to the Ecumenical Temple.
  4731 | D:4      | Noticed Blork the orc
  4755 | D:4      | Killed Blork the orc
  5276 | D:4      | Reached skill level 5 in Invocations
  5634 | D:4      | Reached XP level 8. HP: 38/62 MP: 11/11
  5894 | D:5      | Entered Level 5 of the Dungeon
  5898 | D:5      | Noticed Naow's ghost (novice MiBe)
  5900 | D:5      | Reached **** piety under Lugonu
  6158 | D:4      | Reached skill level 6 in Axes
  6213 | D:5      | Killed Naow's ghost
  6213 | D:5      | Reached skill level 5 in Armour
  6746 | D:5      | Found an iron altar of Okawaru.
  6796 | D:5      | Found a blossoming altar of Fedhas.
  6852 | D:5      | Found an iron altar of Okawaru.
  6864 | D:5      | Reached XP level 9. HP: 39/69 MP: 13/13
  6869 | D:5      | Reached skill level 7 in Axes
  7277 | D:6      | Noticed Naow's ghost (novice DEFE)
  7394 | D:6      | Noticed Eustachio
  7414 | D:6      | Killed Eustachio
  7935 | D:6      | Killed Naow's ghost
  7935 | D:6      | Reached skill level 8 in Axes
  8942 | D:7      | Found a hazy altar of Hepliaklqana.
  9005 | D:7      | Gained mutation: You are clumsy. (Dex -2) [mutagenic meat]
  9156 | D:7      | Found an ancient bone altar of Kikubaaqudgha.
  9296 | D:7      | Reached XP level 10. HP: 70/79 MP: 15/15
  9565 | D:7      | Found a glowing silver altar of Zin.
  9565 | D:7      | Found a glowing golden altar of the Shining One.
  9565 | D:7      | Found a white marble altar of Elyvilon.
  9565 | D:7      | Found a bloodstained altar of Trog.
  9577 | D:7      | Found a stormy altar of Qazlal.
  9577 | D:7      | Found a basalt altar of Yredelemnul.
  9890 | D:8      | Found a burning altar of Makhleb.
  9908 | D:8      | Mangled by a wyvern

Skill      XL: |  1  2  3  4  5  6  7  8  9 10 |
---------------+-------------------------------+-----
Axes           | 3 4 5 6 8 |  8.9
Invocations    | 3 4 5 6 7 |  7.7
Fighting       | 4 5 6 7 |  7.4
Armour         | 3 4 5 6 7 |  7.0
Dodging        | |  0.8

Action                   |  1- 3 |  4- 6 |  7- 9 | 10-12 || total
-------------------------+-------+-------+-------+-------++-------
Melee: Hand axe          |    90 |   287 |   625 |    32 ||  1034
       War axe           |       |       |       |    46 ||    46
Invok: Depart the Abyss  |     1 |       |       |       ||     1
       Banish            |       |     1 |       |       ||     1
 Abil: Dig               |     1 |       |       |       ||     1
  Use: Scroll            |     2 |     2 |    11 |     1 ||    16
       Potion            |     1 |       |     2 |     1 ||     4
  Eat: Chunk             |       |    10 |    16 |     2 ||    28
       Beef jerky        |       |       |     1 |       ||     1
       Pizza             |       |       |     1 |       ||     1
Armor: Ring mail         |    17 |       |       |       ||    17
       Chain mail        |    24 |   163 |   363 |    57 ||   607
       Skin              |       |       |    13 |       ||    13
Dodge: Dodged            |    47 |   119 |   231 |    38 ||   435
